 Dungeon Crawl Stone Soup version 0.32-a0-933-ga8fa3634e4 (webtiles) character file.

Game seed: 17933299160790701625

758 mopl the Sneak (level 7, -1/49 HPs)
             Began as an Octopode Brigand on Apr 12, 2024.
             Slain by a wyvern (14 damage)
             ... on level 5 of the Dungeon on Apr 14, 2024.
             The game lasted 00:04:04 (3335 turns).

mopl the Sneak (Octopode Brigand)                   Turns: 3335, Time: 00:04:05

Health: -1/49      AC:  1    Str: 11    XL:     7   Next: 80%
Magic:  7/7        EV: 11    Int: 15    God:
Gold:   160        SH:  5    Dex: 13    Spells: 6/6 levels left

rFire   + . .        a - +2 dagger
rCold   . . .        (no shield)
rNeg    . . .        (helmet restricted)
rPois   .            x - amulet of reflection
rElec   .            j - ring of willpower
rCorr   .            u - ring of protection from fire
SInv    .            (no ring)
Will    +....        (no ring)
Stlth   +++++        (no ring)
HPRegen 0.28/turn    (no ring)
MPRegen 0.10/turn    (no ring)
                     (no ring)

%: reflection
@: no status effects
A: almost no armour, amphibious, 8 rings, camouflage 1, gelatinous body 1,
(nimble swimmer 1), tentacles
a: no special abilities


You were on level 5 of the Dungeon.
You visited 1 branch of the dungeon, and saw 5 of its levels.

You collected 160 gold pieces.

Inventory:

Hand Weapons
 a - a +2 dagger (weapon)
Missiles
 b - 14 poisoned darts (quivered)
 c - 5 curare-tipped darts
Jewellery
 j - a ring of willpower (left tentacle)
 u - a ring of protection from fire (right tentacle)
 x - an amulet of reflection (around mantle)
Wands
 m - a wand of paralysis (3)
 o - a wand of polymorph (11)
 y - a wand of roots (5)
Scrolls
 f - a scroll of immolation {unknown}
 h - a scroll of revelation {unknown}
 i - a scroll of amnesia {unknown}
 l - a scroll of enchant weapon {unknown}
 n - 3 scrolls of teleportation {unknown}
 t - 4 scrolls of poison {unknown}
 A - a scroll of fog {unknown}
Potions
 d - 2 potions of might {unknown}
 e - a potion of degeneration {unknown}
 g - 2 potions of attraction {unknown}
 k - a potion of ambrosia {unknown}
 p - 2 potions of heal wounds {unknown}
 q - 3 potions of curing
 r - a potion of berserk rage {unknown}
 s - a potion of enlightenment {unknown}
 v - a potion of brilliance {unknown}
 w - a potion of lignification {unknown}
 z - a potion of cancellation {unknown}


   Skills:
 + Level 4.3 Fighting
 + Level 4.2 Short Blades
 + Level 4.3 Throwing
 - Level 1.0 Dodging
 + Level 7.7 Stealth
 + Level 2.9 Evocations


You had 6 spell levels left.
You didn't know any spells.
Your spell library contained the following spells:

 Spells                   Type           Power      Damage    Failure   Level
 Shock                    Conj/Air       0%         1d3       26%         1
 Swiftness                Air            0%         N/A       63%         3
 Airstrike                Air            0%         2d(0-16)  95%         4


Dungeon Overview and Level Annotations

Branches:
Dungeon (5/15)             Temple (0/1) D:5

Altars:
Fedhas
Gozag
Nemelex Xobeh
Sif Muna
Yredelemnul
Zin


Innate Abilities, Weirdness & Mutations

You cannot wear most types of armour.
You are amphibious.
You can wear up to eight rings at the same time.
Your skin changes colour to match your surroundings (Stealth+).
Your rubbery body absorbs attacks. (AC +1, EV +1)
((You are camouflaged when in or above water. (Stealth+)))
You have tentacles for arms and can constrict up to eight enemies at once.


Message History

There is a glowing silver altar of Zin here.
Things that are here:
a +0 war axe; an orc corpse
Things that are here:
a +0 hand axe; an orc corpse You start resting.
HP restored.
Saving game... please wait.
Welcome back, mopl the Octopode Brigand.
Press ? for a list of commands and other information.
There is an open door here.
A - a scroll labelled GITUDI QIMEITT A wyvern comes into view.
A wyvern is nearby!
The wyvern hisses angrily.
The wyvern bites you!
You barely miss the wyvern. You block the wyvern's attack.
You hit the wyvern but do no damage. You squeeze the wyvern.
The wyvern is lightly wounded.
The wyvern bites you!
You barely miss the wyvern. You squeeze the wyvern.
The wyvern is moderately wounded.
The wyvern bites you!
You are too injured to fight recklessly!
You are too injured to fight recklessly!
Throw: 6 darts (curare)
Press: ? - help, Shift-Dir - straight line, f - wyvern
Aim: a wyvern (moderately wounded, 59% to hit)
You throw a curare-tipped dart. The curare-tipped dart hits the wyvern.
The wyvern is poisoned.
The wyvern struggles to breathe.
The wyvern seems to slow down.
The wyvern is heavily wounded.
The wyvern bites you!
* * * LOW HITPOINT WARNING * * *
Aiming: Paralyse
Press: ? - help, Shift-Dir - straight line, f/p - wyvern
Aim: a wyvern (heavily wounded, very poisoned, slow, chance to affect: 56%)
The wyvern resists with significant effort.
The wyvern bites you!
You die...

##.#.###
###.........[.##
.......#
#.........#..##
.....#.#
#...........##
.......##
#.......#.###
.♣†.......
####.##.#.#
.....#####.#
#.##.#.#
♣..........# #.# .#
.....############.#
..
.....†.........k@.#
###################
#


You could see a wyvern (very poisoned, slow).

Vanquished Creatures
  Pargi (D:4)
  3 scorpions
  A howler monkey (D:5)
  An orc priest (D:5)
  Crazy Yiuf (D:2)
  A hound (D:4)
  A sleepcap (D:5)
  An iguana (D:5)
  Natasha (thrice) (D:2)
  9 gnolls
  7 adders
  A shadow imp (D:5)
  3 dart slugs
  3 orcs
  4 endoplasms
  5 giant cockroaches
  7 goblins
  3 hobgoblins
  6 jackals
  5 quokkas
  12 ball pythons
  6 bats
  5 frilled lizards
  5 kobolds
  5 rats
99 creatures vanquished.

Notes
Turn   | Place    | Note
-------+----------+-------------------------------------------
     0 | D:1      | mopl the Octopode Brigand began the quest for the Orb.
     0 | D:1      | Reached XP level 1. HP: 14/14 MP: 1/1
    44 | D:1      | Reached XP level 2. HP: 19/19 MP: 2/2
   375 | D:1      | Reached XP level 3. HP: 25/25 MP: 3/3
   810 | D:2      | Noticed Natasha
   821 | D:2      | Killed Natasha
   822 | D:2      | Reached skill level 6 in Stealth
   822 | D:2      | Reached XP level 4. HP: 30/30 MP: 4/4
   914 | D:2      | Found a runed translucent door.
   915 | D:2      | Noticed Crazy Yiuf
  1011 | D:2      | Noticed Natasha
  1035 | D:2      | Killed Natasha
  1036 | D:2      | Reached skill level 3 in Fighting
  1152 | D:2      | Noticed Natasha
  1160 | D:2      | Killed Natasha
  1161 | D:2      | Reached skill level 3 in Short Blades
  1161 | D:2      | Reached skill level 3 in Throwing
  1161 | D:2      | Reached XP level 5. HP: 36/36 MP: 5/5
  1375 | D:2      | Killed Crazy Yiuf
  1464 | D:3      | Found a sparkling altar of Nemelex Xobeh.
  1989 | D:4      | Found a shimmering blue altar of Sif Muna.
  2284 | D:4      | Reached skill level 1 in Evocations
  2284 | D:4      | Reached XP level 6. HP: 36/42 MP: 6/6
  2345 | D:4      | Noticed Pargi
  2363 | D:4      | Killed Pargi
  2611 | D:4      | Reached skill level 7 in Stealth
  2632 | D:4      | Reached skill level 2 in Evocations
  2667 | D:4      | Reached XP level 7. HP: 41/47 MP: 7/7
  2962 | D:5      | Entered Level 5 of the Dungeon
  2981 | D:5      | Found a blossoming altar of Fedhas.
  3025 | D:5      | Found a basalt altar of Yredelemnul.
  3036 | D:5      | Reached skill level 4 in Fighting
  3065 | D:5      | Reached skill level 4 in Short Blades
  3065 | D:5      | Reached skill level 4 in Throwing
  3085 | D:5      | Found an opulent altar of Gozag.
  3175 | D:5      | Found a staircase to the Ecumenical Temple.
  3194 | D:5      | Found a glowing silver altar of Zin.
  3317 | D:5      | Upgraded the game from 0.32-a0-928-g1cae6b7ea0 to
                  | 0.32-a0-933-ga8fa3634e4
  3329 | D:5      | Noticed a wyvern
  3335 | D:5      | Slain by a wyvern

Illustrated notes

Levels and vault maps discovered:
D:1:      amcnicky_arrival_single_pillar, layout_basic
D:2:      layout_basic, minmay_diced_spiral, uniq_crazy_yiuf_cottage,
          uniq_natasha
D:3:      layout_basic, lemuel_doored_altar, corexii_leaking_fountain
D:4:      layout_basic, overflow_temple_1_default, uniq_pargi
D:5:      layout_basic, mainiacjoe_overflow_alcove_1,
          mainiacjoe_overflow_concentric_impassable, zin_statuary,
          nicolae_gozag_seed_capital, minmay_temple_entry_large_hall,
          chequers_garden

Skill      XL: |  1  2  3  4  5  6  7 |
---------------+----------------------+-----
Stealth        | 6 7 |  7.7
Fighting       | 3 4 |  4.3
Short Blades   | 3 4 |  4.2
Throwing       | 3 4 |  4.3
Evocations     | 1 2 |  2.9
Dodging        | |  1.0

Action                     |  1- 3 |  4- 6 |  7- 9 || total
---------------------------+-------+-------+-------++-------
  Melee: Dagger            |    55 |    87 |    52 ||   194
         Constrict         |    16 |    22 |    12 ||    50
         Tentacles         |     8 |    16 |    18 ||    42
  Throw: Dart              |       |     2 |     3 ||     5
  Evoke: Wand              |       |     1 |     1 ||     2
    Use: Potion            |       |       |     1 ||     1
   Stab: Sleeping          |    13 |    13 |     3 ||    29
         Distracted        |       |     1 |     1 ||     2
         Paralysed         |       |     1 |       ||     1
 Armour: Skin              |    15 |    49 |    25 ||    89
  Dodge: Dodged            |    24 |    42 |    18 ||    84
  Block: Other             |       |       |     7 ||     7

Table legend: (Time is in decaauts)
 A = Elapsed time spent in this place.
 B = Non-inter-level travel time spent in this place.
 C = Inter-level travel time spent in this place.
 D = Time resting spent in this place.
 E = Time spent auto-exploring this place.
 F = Levels seen in this place.
 G = Mean time per level.
                   A        B        C        D        E       F      G
               +--------+--------+--------+--------+--------+-----+--------+
         Total |   3308 |   3204 |    104 |    340 |   2240 |   5 |  661.6 |
       Dungeon |   3308 |   3204 |    104 |    340 |   2240 |   5 |  661.6 |
               +--------+--------+--------+--------+--------+-----+--------+

Top non-repeatable levels by time:
     D:4: 1061 daAuts
     D:2: 739 daAuts
     D:1: 662 daAuts
     D:3: 481 daAuts
     D:5: 363 daAuts
